 Dungeon Crawl Stone Soup version 0.22.1-1-ga44c0e56f4 (webtiles) character file.

39320 Nixze the Covert (level 13, 0/61 HPs)
             Began as a Spriggan Enchanter on Oct 28, 2018.
             Was the Champion of Dithmenos.
             Slain by a harpy simulacrum (16 damage)
             ... on level 15 of the Dungeon.
             The game lasted 01:33:36 (19089 turns).

Nixze the Covert (Spriggan Enchanter)              Turns: 19089, Time: 01:33:37

Health: 0/61       AC:  2    Str:  4    XL:     13   Next: 68%
Magic:  28/28      EV: 30    Int: 21    God:    Dithmenos [******]
Gold:   551        SH:  0    Dex: 20    Spells: 8/33 levels left

rFire    . . .     SeeInvis +   N - +1 dagger (elec)
rCold    . . .     Gourm    .   (shield restricted)
rNeg     + . .     Faith    .   V - +2 robe {rN+}
rPois    +         Spirit   .   p - +0 hat of the Oligarchy {Dex+3} (curse)
rElec    .         Reflect  .   o - +1 cloak
rCorr    .         Harm     .   (gloves unavailable)
MR       +++..                  (boots unavailable)
Stlth    ++++++++++             B - amulet of regeneration
HPRegen  0.60/turn              b - ring of poison resistance
MPRegen  0.21/turn              J - ring of protection from magic

@: corroded, wreathed by umbra, studying Polearms, very quick
A: very small, unfitting armour, see invisible, herbivore, speed 3, slow
metabolism 2
a: Shadow Step, Shadow Form, Renounce Religion


You were on level 15 of the Dungeon.
You worshipped Dithmenos.
Dithmenos was exalted by your worship.
You were not hungry.

You visited 2 branches of the dungeon, and saw 16 of its levels.
You also visited: Labyrinth.

You collected 839 gold pieces.
You spent 288 gold pieces at shops.

Inventory:

Hand Weapons
 G - the +6 falchion "Benawuas" {flame, rF+ Dex+8 SInv Stlth+}
   (You found it on level 10 of the Dungeon)

   It has been specially enchanted to burn those struck by it, causing extra
   injury to most foes and up to half again as much damage against particularly
   susceptible opponents.
   Big, fiery blades are also staple armaments of hydra-hunters.
   It affects your dexterity (+8).
   It protects you from fire.
   It lets you see invisible.
   It makes you more stealthy.
 N - a +1 dagger of electrocution (weapon)
Missiles
 k - 447 stones (quivered)
Armour
 o - a +1 cloak (worn)
 p - the cursed +0 hat of the Oligarchy (worn) {Dex+3}
   (You found it on level 14 of the Dungeon)

   It affects your dexterity (+3).
   It has a curse placed upon it.
 y - a +0 robe of cold resistance
 V - a +2 robe of positive energy (worn)
 W - a +2 robe of fire resistance
Jewellery
 b - a ring of poison resistance (left hand)
 w - an uncursed amulet of the acrobat
 B - an amulet of regeneration (around neck)
 I - an uncursed ring of ice
 J - a ring of protection from magic (right hand)
 O - an uncursed ring of magical power {unknown}
 P - an uncursed ring of stealth {unknown}
 R - the cursed ring of Pixoiqoq {Str+2 Slay-3, unknown}
   (You found it in a labyrinth)

   [ring of slaying]

   It affects your strength (+2).
   It affects your accuracy and damage with ranged weapons and melee attacks
   (-3).
   It has a curse placed upon it.
Wands
 a - a wand of polymorph (16)
 e - a wand of acid (34)
 s - a wand of digging (39)
 v - a wand of paralysis (24)
 H - a wand of flame (57)
 Q - a wand of iceblast (11)
 S - a wand of random effects (16)
 U - a wand of clouds (5)
Scrolls
 c - 4 scrolls of amnesia
 f - 3 scrolls of magic mapping
 h - 4 scrolls of identify
 j - 11 scrolls of remove curse
 m - 8 scrolls of teleportation
 t - a scroll of fog
 u - 4 scrolls of enchant armour
 A - 2 scrolls of enchant weapon
 C - 3 scrolls of fear
 E - a scroll of blinking {unknown}
 K - 2 scrolls of silence {unknown}
 L - a scroll of vulnerability {unknown}
Potions
 g - 10 potions of curing
 i - a potion of lignification {unknown}
 l - a potion of agility
 n - 5 potions of heal wounds
 q - a potion of resistance
 r - 2 potions of flight
 x - a potion of haste
 z - a potion of brilliance
 D - a potion of berserk rage
 F - 2 potions of magic
Books
 T - a manual of Polearms
Comestibles
 d - 19 rations


   Skills:
 - Level 4.0 Fighting
 - Level 10.9 Short Blades
 + Level 12.9 Dodging
 + Level 14.2 Stealth
 + Level 10.6 Spellcasting
 + Level 10.7 Hexes
 + Level 12.8 Charms
 - Level 4.0 Air Magic
 + Level 6.0 Poison Magic


You had 8 spell levels left.
You knew the following spells:

 Your Spells              Type           Power        Failure   Level  Hunger
a - Corona                Hex            ######.      1%          1    None
b - Confuse               Hex            ######..     1%          3    None
c - Ensorcelled Hibernat  Hex/Ice        ####..       1%          2    None
d - Tukima's Dance        Hex            ######..     1%          3    None
e - Dazzling Spray        Conj/Hex       ####..       1%          3    None
f - Deflect Missiles      Chrm/Air       #####.....   28%         6    ######.
g - Mephitic Cloud        Conj/Pois/Air  ####....     4%          3    None
h - Slow                  Hex            ######..     1%          2    None
i - Blink                 Tloc           N/A          10%         2    None

Your spell library contained the following spells:

 Spells                   Type           Power        Failure   Level  Hunger
 Poisonous Vapours        Pois/Air       ####..       1%          2    None
 Cause Fear               Hex            ######....   1%          4    ##.....
 Magic Dart               Conj           ##..         6%          1    None
 Leda's Liquefaction      Hex/Erth       ####......   7%          4    ##.....
 Silence                  Hex/Air        #####.....   9%          5    ####...
 Call Imp                 Summ           ##......     10%         2    None
 Corpse Rot               Necr           N/A          10%         2    None
 Conjure Flame            Conj/Fire      ##......     19%         3    None
 Stone Arrow              Conj/Erth      ##....       19%         3    None
 Yara's Violent Unravell  Hex/Tmut       ####......   19%         5    ####...
 Summon Forest            Summ/Tloc      ##........   86%         5    ####...
 Ring of Flames           Chrm/Fire      #####.....   98%         7    #######
 Freezing Cloud           Conj/Ice/Air   ###.......   99%         6    ######.
 Discord                  Hex            ######....   99%         8    #######
 Hydra Form               Tmut           ##........   100%        6    ######.
 Summon Hydra             Summ           ##........   100%        7    #######


Dungeon Overview and Level Annotations

Branches:
Dungeon (15/15)            Temple (1/1) D:4            Lair (0/6) D:10
    Orc (0/2) D:12         Vaults (0/5) D:13         Depths (0/5) D:15

Altars:
Ashenzari
Cheibriados
Dithmenos
Elyvilon
Fedhas
Kikubaaqudgha
Makhleb
Nemelex Xobeh
Okawaru
Sif Muna
Trog
Uskayaw
Xom
Yredelemnul
Zin
The Shining One

Shops:
D:5 (   D:7 !   D:13 [   D:15 :?

Annotations:
D:15 2 transporters, bananovenc's ghost, journeyman GrBe


Innate Abilities, Weirdness & Mutations

You are very small and have problems with some larger weapons.
You are too small for most types of armour.
You have supernaturally acute eyesight. (SInv)
You are a herbivore.
You cover ground extremely quickly.
You need to consume almost no food.


Message History

You open the door.
Found an escape hatch in the ceiling.
An acid dragon and a shadow come into view.
There is an open door here.
The helpless shadow fails to defend itself.
You spit the shadow like a pig!!!! Lightning courses through the shadow!
You destroy the shadow!
Dithmenos accepts your kill.
A harpy simulacrum comes into view.
The acid dragon roars!
The acid dragon spits acid at you. The splash of acid hits you!
The acid corrodes you!
You are splashed with acid!
The acid burns!
The acid dragon spits acid at you. The splash of acid misses you.
The harpy simulacrum claws you! The harpy simulacrum freezes you!
The harpy simulacrum claws you!
* * * LOW HITPOINT WARNING * * *
The harpy simulacrum freezes you!
You die...

#................#
#....[.....<.....#
#................#
#########...............#
#..#...##...............#*
.......##......###.......#
.......##......###########
.......'........#......#
.......#........@......#
.......#........#Z.....#
######∩####+###.##....##
####...##....*#.##....#*
.............#.........#
.............#......<..#
.............#.......D.#
.............#.........#*
#########....####.......*


You could see an acid dragon and a harpy simulacrum.

Vanquished Creatures
  A minotaur (Lab)
  A hydra (D:15)
  4 centaur warriors
  2 dancing weapons (D:13)
  3 two-headed ogres
  A queen ant (D:9)
  3 unseen horrors
  A glowing orange brain (D:15)
  A wolf spider zombie (D:14)
  2 deep elf magi
  2 cyclopes
  4 manticores
  11 ugly things
  An elephant (shapeshifter) (D:15)
  3 gargoyles
  A komodo dragon (shapeshifter) (D:15)
  A kobold demonologist (D:13)
  A komodo dragon (D:15)
  An efreet (D:15)
  A yaktaur (shapeshifter) (D:15)
  6 trolls
  A minotaur skeleton (Lab)
  A harpy skeleton (D:13)
  6 hippogriffs
  9 slime creatures
  A spriggan (D:8)
  3 shadows
  A water elemental (D:12)
  2 wraiths
  A hog (shapeshifter) (D:14)
  12 yaks
  2 wyverns
  A steam dragon (D:11)
  4 hungry ghosts
  A soldier ant (shapeshifter) (D:14)
  Edmund (D:4)
  A water moccasin (D:13)
  7 soldier ants
  An acid dragon (D:11)
  5 orc warriors
  A black bear (D:12)
  6 ice beasts
  4 sky beasts
  A necrophage (D:11)
  A phantom (D:14)
  4 ogres
  9 centaurs
  7 big kobolds
  11 bullfrogs
  A water moccasin zombie (D:8)
  2 scorpions
  A wyvern skeleton (D:8)
  28 killer bees
  8 wights
  2 electric eels (D:12)
  2 vampire bats (D:5)
  3 howler monkeys
  2 bullfrog zombies
  3 crimson imps
  A quasit (D:11)
  Crazy Yiuf (D:2)
  3 centaur zombies
  11 orc priests
  2 jellies
  A bullfrog skeleton (D:12)
  5 centaur skeletons
  8 hounds
  2 iguanas
  12 orc wizards
  25 worker ants
  A hound skeleton (D:6)
  2 worker ant zombies
  2 howler monkey zombies
  15 adders
  3 shadow imps
  2 oozes
  2 worms
  A dart slug (D:3)
  8 leopard geckos
  72 orcs
  4 bat skeletons (D:5)
  A bat zombie (D:5)
  5 giant cockroaches
  10 goblins
  3 hobgoblins
  11 jackals
  11 quokkas
  6 bats
  6 frilled lizards
  55 kobolds
  A quokka skeleton (D:7)
  10 rats
509 creatures vanquished.

Vanquished Creatures (collateral kills)
  A two-headed ogre (D:15)
  2 orc wizards (D:9)
  A worker ant (D:9)
4 creatures vanquished.

Vanquished Creatures (others)
  A dancing weapon (D:15)
1 creature vanquished.

Grand Total: 514 creatures vanquished

Notes
Turn   | Place    | Note
-------+----------+-------------------------------------------
     0 | D:1      | Nixze the Spriggan Enchanter began the quest for the Orb.
     0 | D:1      | Reached XP level 1. HP: 9/9 MP: 5/5
   171 | D:1      | Reached XP level 2. HP: 11/13 MP: 1/6
   793 | D:2      | Reached XP level 3. HP: 11/16 MP: 6/8
  1745 | D:2      | Reached XP level 4. HP: 21/21 MP: 9/9
  1852 | D:2      | Reached skill level 5 in Hexes
  1955 | D:2      | Found a sparkling altar of Nemelex Xobeh.
  1977 | D:2      | Found a runed door.
  2096 | D:2      | Noticed Crazy Yiuf
  2102 | D:2      | Learned a level 3 spell: Confuse
  2115 | D:2      | Killed Crazy Yiuf
  2341 | D:3      | Reached XP level 5. HP: 24/24 MP: 1/10
  3150 | D:3      | Reached skill level 5 in Short Blades
  3163 | D:3      | Learned a level 2 spell: Ensorcelled Hibernation
  3513 | D:3      | Reached XP level 6. HP: 28/28 MP: 8/11
  3569 | D:3      | Found a blossoming altar of Fedhas.
  3741 | D:3      | Found a basalt altar of Yredelemnul.
  4150 | D:4      | Noticed Edmund
  4159 | D:4      | Killed Edmund
  4159 | D:4      | Reached skill level 5 in Stealth
  4191 | D:4      | Found a staircase to the Ecumenical Temple.
  4203 | Temple   | Entered the Ecumenical Temple
  4281 | Temple   | Became a worshipper of Dithmenos the Shadowed
  4448 | D:4      | Reached XP level 7. HP: 32/32 MP: 10/13
  5326 | D:4      | Reached skill level 6 in Stealth
  5597 | D:4      | Found a glowing silver altar of Zin.
  5971 | D:5      | Entered Level 5 of the Dungeon
  6142 | D:5      | Reached skill level 5 in Dodging
  6293 | D:5      | Reached XP level 8. HP: 36/36 MP: 8/15
  6513 | D:5      | Reached * piety under Dithmenos
  6692 | D:5      | Found Onu Leih's Weapon Boutique.
  7021 | D:5      | Reached skill level 5 in Spellcasting
  7065 | D:5      | Found an ancient bone altar of Kikubaaqudgha.
  7663 | D:6      | Found an iron altar of Okawaru.
  8246 | D:6      | Found a shattered altar of Ashenzari.
  8246 | D:6      | Found a bloodstained altar of Trog.
  8508 | D:7      | Found a white marble altar of Elyvilon.
  8625 | D:7      | Noticed a two-headed ogre
  8630 | D:7      | Killed a two-headed ogre
  8630 | D:7      | Reached skill level 10 in Short Blades
  8630 | D:7      | Reached XP level 9. HP: 39/39 MP: 17/17
  8633 | D:7      | Found Yruda's Distillery.
  8690 | D:7      | Found a shimmering altar of Xom.
  8809 | D:7      | Reached ** piety under Dithmenos
  9166 | D:8      | Reached skill level 7 in Stealth
  9273 | D:8      | Found a glowing golden altar of the Shining One.
  9346 | D:8      | Found a snail-covered altar of Cheibriados.
  9643 | D:8      | Reached skill level 8 in Stealth
  9857 | D:8      | Reached XP level 10. HP: 44/44 MP: 17/20
 10242 | D:8      | Reached *** piety under Dithmenos
 10459 | D:8      | Learned a level 3 spell: Tukima's Dance
 10463 | D:8      | Learned a level 3 spell: Dazzling Spray
 11146 | D:9      | Noticed a two-headed ogre
 11158 | D:9      | Killed a two-headed ogre
 11158 | D:9      | Reached skill level 9 in Stealth
 11414 | D:9      | Noticed a queen ant
 11439 | D:9      | Killed a queen ant
 11442 | D:9      | Reached skill level 10 in Stealth
 11721 | D:9      | Reached **** piety under Dithmenos
 11814 | D:9      | Found a sparkling altar of Nemelex Xobeh.
 11904 | D:9      | Found a deep blue altar of Sif Muna.
 12079 | D:9      | Learned a level 6 spell: Deflect Missiles
 12168 | D:10     | Entered Level 10 of the Dungeon
 12195 | D:10     | Reached skill level 10 in Dodging
 12421 | D:10     | Reached skill level 1 in Charms
 12435 | D:10     | Got a slimy falchion
 12436 | D:10     | Identified the +6 falchion "Benawuas" {flame, rF+ Dex+8
                  | SInv Stlth+} (You found it on level 10 of the Dungeon)
 12565 | D:10     | Reached XP level 11. HP: 47/47 MP: 17/24
 12623 | D:10     | Reached skill level 1 in Air Magic
 12905 | D:10     | Found a staircase to the Lair.
 13119 | D:11     | Reached skill level 10 in Hexes
 13168 | D:11     | Reached skill level 11 in Stealth
 13265 | D:11     | Noticed a centaur warrior
 13268 | D:11     | Killed a centaur warrior
 13273 | D:11     | Noticed an unseen horror
 13275 | D:11     | Killed an unseen horror
 13968 | D:11     | Reached ***** piety under Dithmenos
 14085 | D:11     | Reached skill level 5 in Charms
 14258 | D:11     | Noticed an unseen horror
 14344 | D:11     | Killed an unseen horror
 14344 | D:11     | Reached skill level 12 in Stealth
 14710 | D:12     | Reached skill level 10 in Spellcasting
 14896 | D:12     | Learned a level 3 spell: Mephitic Cloud
 14923 | D:12     | Reached XP level 12. HP: 51/51 MP: 27/27
 14994 | D:12     | Found a staircase to the Orcish Mines.
 15009 | D:12     | Reached skill level 1 in Poison Magic
 15504 | D:13     | Reached skill level 10 in Charms
 15597 | D:13     | Found a gate to the Vaults.
 15602 | D:13     | Reached skill level 1 in Fighting
 15839 | D:13     | Found Dume's Antique Armour Boutique.
 15842 | D:13     | Bought an embroidered robe for 99 gold pieces
 15852 | D:13     | Bought a runed robe for 99 gold pieces
 16298 | D:14     | Noticed a centaur warrior
 16306 | D:14     | Killed a centaur warrior
 16378 | D:14     | Reached ****** piety under Dithmenos
 16378 | D:14     | Reached skill level 5 in Poison Magic
 16595 | D:14     | Noticed a centaur warrior
 16600 | D:14     | Killed a centaur warrior
 16730 | D:14     | Noticed a centaur warrior
 16766 | D:14     | Killed a centaur warrior
 16766 | D:14     | Reached skill level 13 in Stealth
 16775 | D:14     | Reached XP level 13. HP: 59/59 MP: 22/28
 16791 | D:14     | Got a twisted hat
 17307 | D:14     | Identified the cursed +0 hat of the Oligarchy {Dex+3} (You
                  | found it on level 14 of the Dungeon)
 17885 | D:15     | Entered Level 15 of the Dungeon
 17909 | D:15     | Found Jenuem's Magic Scroll Shoppe.
 17920 | D:15     | Bought a scroll of enchant weapon for 90 gold pieces
 17929 | D:15     | Learned a level 2 spell: Slow
 17932 | D:15     | Learned a level 2 spell: Blink
 17944 | D:15     | Noticed bananovenc's ghost (journeyman GrBe)
 17947 | D:15     | Found a transporter.
 17960 | D:15     | Found a labyrinth entrance.
 17987 | D:15     | Found Farchan's Book Boutique.
 18063 | Lab      | Entered a labyrinth
 18373 | Lab      | Noticed a minotaur
 18392 | Lab      | Killed a minotaur
 18402 | Lab      | Got a heavily runed platinum ring
 18524 | D:15     | Found a staircase to the Depths.
 18534 | D:15     | Reached skill level 14 in Stealth
 18895 | D:15     | Found a transporter.
 19089 | D:15     | Slain by a harpy simulacrum

Skill      XL: |  1  2  3  4  5  6  7  8  9 10 11 12 13 |
---------------+----------------------------------------+-----
Hexes          | 4 5 6 7 8 9 10 | 10.7
Short Blades   | 2 3 4 5 6 7 10 | 10.9
Spellcasting   | 3 4 5 6 8 10 | 10.6
Dodging        | 4 5 6 7 10 11 12 | 12.9
Stealth        | 5 6 8 10 12 13 14 | 14.2
Charms         | 1 7 12 | 12.8
Air Magic      | 4 |  4.0
Poison Magic   | 5 6 |  6.0
Fighting       | 2 4 |  4.0

Action                   |  1- 3 |  4- 6 |  7- 9 | 10-12 | 13-15 || total
-------------------------+-------+-------+-------+-------+-------++-------
Melee: Dagger            |    30 |    63 |   325 |   385 |    92 ||   895
       Short sword       |    77 |    87 |       |       |       ||   164
Throw: Stone             |     6 |       |     4 |     7 |       ||    17
 Cast: Corona            |    27 |    11 |     3 |       |       ||    41
       Confuse           |       |    23 |    33 |    55 |    18 ||   129
       Ensorcelled Hiber |       |    22 |    70 |   199 |    49 ||   340
       Tukima's Dance    |       |       |       |     5 |     3 ||     8
       Dazzling Spray    |       |       |       |     8 |     1 ||     9
       Slow              |       |       |       |       |     6 ||     6
       Mephitic Cloud    |       |       |       |       |     6 ||     6
  Use: Scroll            |       |     8 |     6 |     6 |     1 ||    21
       Potion            |       |       |     1 |       |       ||     1
 Stab: Sleeping          |     2 |    18 |    45 |   181 |    53 ||   299
       Confused          |       |     6 |    22 |    38 |     6 ||    72
       Distracted        |       |       |     3 |     1 |     2 ||     6
  Eat: Ration            |       |     3 |     4 |     5 |       ||    12
Armor: Robe              |     9 |    17 |    20 |     8 |     1 ||    55
Dodge: Dodged            |    83 |   106 |   245 |   176 |    78 ||   688
